 Dungeon Crawl Stone Soup version 0.26.1-11-gd32895ea62 (webtiles) character file.

Game seed: 4509983555001515840

356 Doot the Slasher (level 6, 0/48 HPs)
             Began as a Demonspawn Chaos Knight on July 21, 2021.
             Was a Plaything of Xom.
             Killed by divine providence
             ... invoked by an orc priest
              (9 damage)
             ... on level 4 of the Dungeon.
             The game lasted 00:05:18 (3027 turns).

Doot the Slasher (Demonspawn Chaos Knight)          Turns: 3027, Time: 00:05:19

Health: 0/48       AC: 21    Str: 14    XL:     6   Next: 36%
Magic:  6/6        EV:  6    Int: 14    God:    Xom [.*....]
Gold:   167        SH:  9    Dex: 12    Spells: 5/5 levels left

rFire    . . .     SeeInvis .   a - +0 falchion (chaos)
rCold    . . .     Faith    .   c - +0 buckler
rNeg     . . .     Spirit   .   v - +8 chain mail "Duth" {Stlth+}
rPois    .         Reflect  +   g - +0 helmet
rElec    .         Harm     .   (no cloak)
rCorr    .         Rampage  .   l - +0 pair of gloves
Will     .....                  (no boots)
Stlth    ..........             f - amulet of reflection
HPRegen  0.16/turn              (no ring)
MPRegen  0.10/turn              (no ring)

@: no status effects
A: icy blue scales 1, powered by death 2
a: Renounce Religion


You were on level 4 of the Dungeon.
You worshipped Xom.
You were a plaything of Xom.
You visited 1 branch of the dungeon, and saw 4 of its levels.
You also visited: Ossuary.

You collected 167 gold pieces.

Inventory:

Hand Weapons
 a - a +0 falchion of chaos (weapon)
Armour
 b - a +2 leather armour
 c - a +0 buckler (worn)
 g - a +0 helmet (worn)
 l - a +0 pair of gloves (worn)
 v - the +8 chain mail "Duth" (worn) {Stlth+}
   (Xom gifted it to you on level 4 of the Dungeon)

   It makes you more stealthy.
Jewellery
 f - an amulet of reflection (around neck)
Wands
 q - a wand of flame (16)
 r - a wand of enslavement (3)
Scrolls
 e - 5 scrolls of enchant weapon
 h - 3 scrolls of remove curse
 i - 3 scrolls of enchant armour
 k - 3 scrolls of teleportation
 n - 2 scrolls of amnesia
 o - a scroll of immolation {unknown}
 u - a scroll of noise {unknown}
Potions
 d - a potion of attraction {unknown}
 j - 4 potions of lignification
 m - a potion of heal wounds {unknown}
 p - a potion of flight {unknown}
 s - 2 potions of invisibility
 t - 2 potions of cancellation {unknown}


   Skills:
 + Level 4.0 Fighting
 + Level 4.8 Long Blades
 + Level 2.6 Armour
 + Level 2.0 Dodging
 + Level 0.4 Stealth
 + Level 1.6 Shields
 + Level 0.1 Evocations


You had 5 spell levels left.
You didn't know any spells.
Your spell library was empty.

Dungeon Overview and Level Annotations

Branches:
Dungeon (4/15)            Ossuary (visited)
 Temple: D:4-7

Altars:
Dithmenos
Sif Muna

Shops:
D:4 !


Innate Abilities, Weirdness & Mutations

You are partially covered in icy blue scales. (AC +2)
You regenerate health from kills.


Message History

Beogh smites you!
* * * LOW HITPOINT WARNING * * *
The orc hits you but does no damage.
You closely miss something.
You hear something mumble some strange prayers to Beogh against you.
Pain shoots through your body!
* * * LOW HITPOINT WARNING * * *
The orc hits you but does no damage. You block the orc's attack.
Unknown command.
Aiming: Enslavement
Press: ? - help, Shift-Dir - straight line, f - orc
Aim: an orc (chance to affect: 63%)
The orc is charmed.
Something hits your orc!
Your orc dies!
The orc hits you but does no damage.
Unknown command.
You barely miss something. The orc completely misses you.
You hear something call down the wrath of Beogh upon you.
Beogh smites you!
You die...

#....#.#.#..##≈≈.≈≈#
#.#..........##≈.≈##
.#.#.#..(# #.## .
.........###.#
.............#
###.........###.##
.o. .....).####.###
.# ...####
#..o.###### .# ...
.......#@....... .#
#########{...... .#
... o...... .# ##
....... ## . .......
.# ####### .# .# .#


You could see an orc priest and an orc.

Vanquished Creatures
  A centaur zombie (Ossuary)
  A hound (D:4)
  An orc wizard (D:4)
  2 human zombies (Ossuary)
  2 big kobold zombies (Ossuary)
  2 mummies (Ossuary)
  Robin (D:4)
  4 adders
  An adder zombie (Ossuary)
  A worm (D:3)
  A dart slug (D:1)
  3 leopard geckos
  2 orcs
  A giant cockroach (D:3)
  9 goblins
  7 hobgoblins
  6 jackals (D:3)
  A quokka (D:2)
  2 bats
  3 frilled lizards
  2 goblin zombies (Ossuary)
  8 hobgoblin zombies (Ossuary)
  A kobold (D:1)
  7 kobold zombies (Ossuary)
  12 orc zombies (Ossuary)
  8 rats
  2 rat zombies (Ossuary)
91 creatures vanquished.

Vanquished Creatures (collateral kills)
  An orc (D:3)
  A giant cockroach (D:3)
2 creatures vanquished.

Vanquished Creatures (others)
  An orc (D:4)
1 creature vanquished.

Grand Total: 94 creatures vanquished

Notes
Turn   | Place    | Note
-------+----------+-------------------------------------------
     0 | D:1      | Doot the Demonspawn Chaos Knight began the quest for the
                  | Orb.
     0 | D:1      | Reached XP level 1. HP: 18/18 MP: 1/1
   129 | D:1      | Reached skill level 1 in Dodging
   131 | D:1      | XOM: silly message
   389 | D:1      | Gained mutation: You are partially covered in icy blue
                  | scales. (AC +2) [demonic ancestry]
   389 | D:1      | Reached XP level 2. HP: 24/24 MP: 2/2
   961 | D:2      | XOM: silly message
  1050 | D:2      | Found a shimmering blue altar of Sif Muna.
  1121 | D:2      | XOM: cloud trail
  1173 | D:2      | XOM: divination: detect creatures
  1578 | D:3      | Gained mutation: You regenerate a little health from kills.
                  | [demonic ancestry]
  1578 | D:3      | Reached XP level 3. HP: 23/29 MP: 3/3
  1703 | D:3      | Found a shadowy altar of Dithmenos.
  1708 | D:3      | XOM: god gift: scroll labelled NYPHUNT KIKHLI {god gift}
  2056 | D:3      | XOM: god gift: long fluorescent wand {god gift}
  2263 | D:4      | Gained mutation: You regenerate health from kills. [demonic
                  | ancestry]
  2263 | D:4      | Reached XP level 4. HP: 21/35 MP: 4/4
  2315 | D:4      | Found a sand-covered staircase.
  2315 | D:4      | Noticed Robin
  2321 | D:4      | XOM: cleaving
  2335 | D:4      | Killed Robin
  2340 | Ossuary  | Entered an ossuary
  2371 | Ossuary  | Reached skill level 1 in Shields
  2418 | Ossuary  | Reached XP level 5. HP: 42/42 MP: 5/5
  2622 | Ossuary  | Reached XP level 6. HP: 38/48 MP: 6/6
  2937 | D:4      | XOM: god gift: encrusted chain mail {god gift}
  2940 | D:4      | Got an encrusted chain mail {god gift}
  2950 | D:4      | Identified the +8 chain mail "Duth" {Stlth+} (Xom gifted it
                  | to you on level 4 of the Dungeon)
  2996 | D:4      | Found Detup's Distillery.
  3027 | D:4      | Killed from afar by an orc priest

Illustrated notes

Levels and vault maps discovered:
D:1:      psy_arrival_statuary, layout_rooms, chequers_serial_rivers_small_3,
          minmay_misc_feat_rows
D:2:      layout_basic, lemuel_blue_sif_altar
D:3:      layout_rooms, old_standard_altar, dk_noncrumbling_2,
          kennysheep_crisscross
D:4:      layout_rooms, serial_shops, nicolae_shop_waterfront, enter_ossuary_2,
          serial_co_window_serial, co_window_paths_a, co_window_paths_b,
          co_window_corner_a, co_window_corner_a, co_window_of_opportunity_a,
          co_window_broadway_b, co_window_corner_b, co_window_2corner,
          co_window_paths_c, co_window_unsneaky_path_d, glass_columns_a,
          glass_columns_b, trog_butcher_becter, uniq_crazy_yiuf_cottage,
          uniq_robin

Skill      XL: |  1  2  3  4  5  6 |
---------------+-------------------+-----
Dodging        | 1 2 |  2.0
Long Blades    | 3 4 |  4.8
Armour         | 2 |  2.6
Shields        | 1 |  1.6
Fighting       | 4 |  4.0
Stealth        | |  0.4
Evocations     | |  0.1

Action                   |  1- 3 |  4- 6 || total
-------------------------+-------+-------++-------
Melee: Falchion          |   126 |   246 ||   372
Evoke: Wand              |       |     2 ||     2
  Use: Scroll            |       |     7 ||     7
 Stab: Sleeping          |     1 |     1 ||     2
Armor: Leather armour    |    42 |    67 ||   109
       Chain mail        |       |    17 ||    17
Dodge: Dodged            |    61 |    86 ||   147
Block: Buckler           |    56 |    90 ||   146
       Reflection        |     1 |       ||     1
       Rpst.: Falchion   |    17 |    26 ||    43
